 Dungeon Crawl Stone Soup version 0.19-a0-1277-g7cecae3 (webtiles) character file.

106 GordonOverkill the Slasher (level 5, -4/41 HPs)
             Began as a Formicid Abyssal Knight on Aug 30, 2016.
             Was a Believer of Lugonu.
             Killed by nerve-wracking pain
             ... invoked by an orc priest
              (11 damage)
             ... on level 4 of the Dungeon.
             The game lasted 00:07:23 (2700 turns).

GordonOverkill the Slasher (FoAK)                   Turns: 2700, Time: 00:07:24

Health: -4/41      AC:  9    Str: 18    XL:     5   Next: 10%
Magic:  6/6        EV:  7    Int: 11    God:    Lugonu [**....]
Gold:   163        SH:  0    Dex: 10    Spells: 0 memorised, 4 levels left

rFire  . . .     SeeInvis +     a - +1 falchion
rCold  . . .     Gourm    .     f - +0 chain mail
rNeg   . . .     Faith    .     (no shield)
rPois  .         Spirit   .     (helmet unavailable)
rElec  .         Dismiss  .     d - +0 cloak
rCorr  .         Reflect  .     (no gloves)
MR     .....     Harm     .     (no boots)
Stlth  ..........               (no amulet)
                                (no ring)
                                h - ring of flight

@: no status effects
A: permanent stasis, dig shafts and tunnels, four strong arms, antennae 3
a: Dig, Shaft Self, Depart the Abyss, Bend Space, Renounce Religion, Evoke
Flight


You were on level 4 of the Dungeon.
You worshipped Lugonu.
Lugonu was pleased with you.
You were not hungry.

You visited 1 branch of the dungeon, and saw 4 of its levels.
You visited the Abyss 1 time.

You collected 163 gold pieces.

Inventory:

Hand Weapons
 a - a +1 falchion (weapon)
Armour
 d - a +0 cloak (worn)
 f - a +0 chain mail (worn)
Jewellery
 e - an uncursed ring of fire
 h - a ring of flight (left hand)
 i - an uncursed ring of ice {unknown}
Scrolls
 b - a scroll of teleportation {unknown}
 o - a scroll of identify
 s - a scroll of noise {unknown}
Potions
 j - a potion of curing
 k - 2 potions of degeneration {unknown}
 m - 2 potions of brilliance {unknown}
 q - a potion of haste {unknown}
 r - a potion of resistance {unknown}
 t - a potion of magic {unknown}
Comestibles
 c - 5 bread rations
 l - 3 fruits
 n - a meat ration
 p - a slice of pizza


   Skills:
 - Level 3.2 Fighting
 + Level 4.8 Long Blades
 - Level 2.1 Armour
 - Level 0.8 Dodging
 - Level 2.1 Invocations


You had 4 spell levels left.
You didn't know any spells.

Dungeon Overview and Level Annotations

Branches:
Dungeon (4/15)
 Temple: D:4-7

Altars:
Ashenzari
Fedhas

Annotations:
D:3 Sigmund, Terence


Innate Abilities, Weirdness & Mutations

You are under a permanent stasis effect.
You can dig through walls and to a lower floor.
Your four strong arms can wield two-handed weapons with a shield.
You have a pair of large antennae on your head. (SInv)


Message History

The orc hits you but does no damage. x2
You slash the orc priest!
The orc priest is heavily wounded.
The orc priest closely misses you.
You riposte.
You hit the orc priest.
The orc priest is severely wounded.
The orc hits you but does no damage. The orc hits you with a club.
* * * LOW HITPOINT WARNING * * *
You closely miss the orc priest.
The orc priest is severely wounded.
The orc priest hits you but does no damage.
The orc hits you but does no damage. x2
You closely miss the orc priest.
The orc priest is severely wounded.
The orc priest hits you but does no damage.
The orc hits you but does no damage. x2
You barely miss the orc priest.
The orc priest is severely wounded.
The orc priest mumbles some strange prayers to Beogh against you.
Pain shoots through your body!
You die...

..#.....# #.#.....#
##########
#####.#.....#...........
............#...........
............#...........
............#...........
......o.............>...
......o@.# ##...........
......o#.# #............
.......#.###............
.......#..##............
.......##.###...........
....... #..##...........
....... #..........#....
..!.(.. #..........#....
#..........#>...


You could see an orc priest and 2 orcs.

Vanquished Creatures
  3 adders
  4 dart slugs
  2 giant geckos (D:2)
  An orc (D:3)
  9 bats
  3 giant cockroaches
  11 goblins
  6 hobgoblins
  8 jackals
  5 kobolds
  A quokka (D:3)
  A giant newt (D:1)
  7 rats
61 creatures vanquished.

Notes
Turn   | Place    | Note
-------+----------+-------------------------------------------
     0 | Abyss:1  | GordonOverkill the Formicid Abyssal Knight began the quest for the Orb.
     0 | Abyss:1  | Reached XP level 1. HP: 18/18 MP: 2/2
     1 | Abyss:1  | Found a corrupted altar of Lugonu.
   103 | Abyss:1  | Noticed a small abomination
   104 | Abyss:1  | Noticed a spatial maelstrom
   105 | Abyss:1  | Noticed a ynoxinul
   107 | D:1      | Escaped the Abyss
   273 | D:1      | Reached XP level 2. HP: 11/24 MP: 3/3
   274 | D:1      | Reached * piety under Lugonu
   444 | D:1      | Reached skill level 3 in Long Blades
   630 | D:1      | Reached XP level 3. HP: 29/29 MP: 4/4
  1393 | D:2      | Reached ** piety under Lugonu
  1404 | D:2      | Reached skill level 4 in Long Blades
  1404 | D:2      | Reached XP level 4. HP: 35/35 MP: 5/5
  1836 | D:2      | Found a shattered altar of Ashenzari.
  2275 | D:3      | Found a blossoming altar of Fedhas.
  2544 | D:3      | Reached XP level 5. HP: 41/41 MP: 6/6
  2545 | D:3      | Noticed Sigmund
  2553 | D:3      | Noticed Terence
  2700 | D:4      | Killed from afar by an orc priest

Vault maps used:
D:1:      dpeg_arrival_shrine
D:2:      first_bread, nicolae_ashenzari_panopticon
D:3:      lemuel_crystal_altar, uniq_iyjb, uniq_terence, uniq_sigmund
D:4:      lemuel_doored_altar, uniq_eustachio, uniq_edmund
Abyss:1:  bh_abyss_negative

Skill      XL: |  1  2  3 |
---------------+----------+-----
Long Blades    | 3 4 |  4.8
Fighting       | |  3.2
Armour         | |  2.1
Dodging        | |  0.8
Invocations    | |  2.1

Action                   |  1- 3 |  4- 6 || total
-------------------------+-------+-------++-------
Melee: Falchion          |   129 |   108 ||   237
Invok: Depart the Abyss  |     1 |       ||     1
  Use: Scroll            |     4 |       ||     4
       Potion            |       |     1 ||     1
  Eat: Chunk             |     2 |     4 ||     6
Armor: Leather armour    |    19 |       ||    19
       Chain mail        |    19 |    91 ||   110
Dodge: Dodged            |    62 |    39 ||   101
